cohdb
Replays
Latest Replays
All Replays
Popular Replays
Top Player Replays
Match Explorer
How It Works
Community
CoH3 Stats
Reddit
Sign in to upload your games and track your stats! →
Sign in with Steam
Match 26547436
Unlisted
Match 26547436
Overview
Messages
Build Orders
End
Construct Infanterie Kompanie
Grenadier Squad
MG 42 Machine Gun Team
Grenadier Squad
Selects Breakthrough Battlegroup
Selects Assault Grenadiers
GrW 34 Mortar Team
Construct Panzergrenadier Kompanie
Selects Rapid Production
251 Medium Carrier
Panzergrenadier Squad
Pak 40 Anti-tank Gun Team
Construct Panzer Kompanie
Selects Smoke Bombing Run
Smoke Bombing Run
Stoßtruppen Squad
Panzer IV Medium Tank
Selects Incendiary Bombing Run
Incendiary Bombing Run
Side Skirts
Smoke Bombing Run
Panzer IV Medium Tank
Selects Blitzkrieg
Blitzkrieg
Panzer IV Medium Tank
Herr Stiglitz
Acguuy
TravisD
glhf
neurotypical cattle
Bowner
ASIIA
lllllillllllillllililililil
0
0
Comments
sign in to comment!
No comments posted yet!